ESL (28 & UNDER)
NEWARK BULLDOGS @ KINGSTON IGUANAS
07/15/2026
 
TOP OF THE 1ST
Newark Bulldogs batting - Pitching for Kingston Iguanas : RHP Fernando Castillo
Pitching: RHP Fernando Castillo
Batting: LHB Gerardo Guzmán 0-0: Foul Ball, location: 2F
0-1: Ball
1-1: Called Strike
1-2: Ground out 6-3 (Groundball, 6M)
Batting: RHB Perry Henry 0-0: Ball
1-0: Foul Ball, location: 2F
1-1: Ground out 1-3 (Groundball, 13)
Batting: RHB Emílio Salas 0-0: Called Strike
0-1: Foul Ball, location: 2F
0-2: Ground out 5-3 (Groundball, 6S)
Top of the 1st over - 0 run(s), 0 hit(s), 0 error(s), 0 left on base; Newark 0 - Kingston 0
BOTTOM OF THE 1ST
Kingston Iguanas batting - Pitching for Newark Bulldogs : RHP Jesús Andrade
Pitching: RHP Jesús Andrade
Batting: LHB Mike Godfrey 0-0: Ball
1-0: Ball
2-0: Ball
3-0: Base on Balls
Batting: RHB Bobby Armstrong 0-0: Called Strike
0-1: Ball
1-1: Ball
2-1: Ball
3-1: Foul Ball, location: 2F
3-2: Fielders Choice at 2nd, 1-6 (Groundball, 13)
Batting: RHB Soshu Nakamura 0-0: Fly out, F7 (Flyball, 7S)
Batting: LHB Bob Greene 0-0: Ball
1-0: Ball
2-0: Foul Ball, location: 2F
2-1: Ball
3-1: Swinging Strike
3-2: Base on Balls
Bobby Armstrong to second
Batting: LHB Tom Young 0-0: Foul Ball, location: 2F
0-1: Ball
1-1: DOUBLE (Groundball, 3D)
Bobby Armstrong scores
Bob Greene to third
Runner from 3rd tries for Home, SAFE, no throw or cutoff
Batting: RHB Salvador Vega 0-0: Called Strike
0-1: Foul Ball, location: 2F
0-2: Foul Ball, location: 2F
0-2: Ball
1-2: Ball
2-2: Ground out 1-3 (Groundball, 23)
Bottom of the 1st over - 2 run(s), 1 hit(s), 0 error(s), 1 left on base; Newark 0 - Kingston 2
TOP OF THE 2ND
Newark Bulldogs batting - Pitching for Kingston Iguanas : RHP Fernando Castillo
Batting: RHB Randy Simons 0-0: Called Strike
0-1: Fly out, F1 (Line Drive, 13)
Batting: LHB Marvin Morris 0-0: Called Strike
0-1: Ball
1-1: Foul Ball, location: 2F
1-2: Ball
2-2: Ground out 3-1 (Groundball, 34)
Batting: RHB Larry Booth 0-0: Ball
1-0: Ball
2-0: Swinging Strike
2-1: Foul Ball, location: 2F
2-2: Ball
3-2: Strikes out looking
Top of the 2nd over - 0 run(s), 0 hit(s), 0 error(s), 0 left on base; Newark 0 - Kingston 2
BOTTOM OF THE 2ND
Kingston Iguanas batting - Pitching for Newark Bulldogs : RHP Jesús Andrade
Batting: LHB Dave Gordon 0-0: Ball
1-0: SINGLE (Line Drive, 9LS)
Batting: LHB Poto Vasilini 0-0: Called Strike
0-1: SINGLE (Groundball, 34)
Dave Gordon to second
Runner from 2nd tries for 3rd, SAFE, throw made to third
Batting: LHB Juan Romero 0-0: Fly out, F1 (Popup, 13S)
Batting: LHB Mike Godfrey 0-0: Ball
1-0: Ball
2-0: Ball
Wild Pitch!
Dave Gordon scores
Poto Vasilini to second
3-0: Called Strike
3-1: Base on Balls
Batting: RHB Bobby Armstrong 0-0: Ball
1-0: Called Strike
1-1: Swinging Strike
1-2: Ball
2-2: Ball
3-2: Foul Ball, location: 2F
3-2: Base on Balls
Poto Vasilini to third
Mike Godfrey to second
Batting: RHB Soshu Nakamura 0-0: Called Strike
0-1: Called Strike
0-2: Ball
1-2: Foul Ball, location: 2F
1-2: Ball
2-2: Strikes out swinging
Batting: LHB Bob Greene 0-0: Ball
1-0: Called Strike
1-1: Ball
2-1: Ball
3-1: Fly out, F7 (Flyball, 78D)
Bottom of the 2nd over - 1 run(s), 2 hit(s), 0 error(s), 3 left on base; Newark 0 - Kingston 3
TOP OF THE 3RD
Newark Bulldogs batting - Pitching for Kingston Iguanas : RHP Fernando Castillo
Batting: LHB Owen Moreno 0-0: Called Strike
0-1: Ball
1-1: Foul Ball, location: 2F
1-2: Foul Ball, location: 2F
1-2: Foul Ball, location: 2F
1-2: Strikes out swinging
Batting: RHB Leonardo Pinto 0-0: SOLO HOME RUN (Flyball, 8LXD), Distance : 435 ft
Batting: RHB Pablo Gómez 0-0: Ball
1-0: Called Strike
1-1: Foul Ball, location: 2F
1-2: Ground out 5-3 (Groundball, 56)
Batting: LHB Gerardo Guzmán 0-0: Ball
1-0: Ball
2-0: Ball
3-0: Base on Balls
Batting: RHB Perry Henry 0-0: Ball
1-0: Ball
2-0: Foul Ball, location: 2F
2-1: Called Strike
2-2: Ball
Gerardo Guzmán steals 2nd base
3-2: Strikes out swinging
Top of the 3rd over - 1 run(s), 1 hit(s), 0 error(s), 1 left on base; Newark 1 - Kingston 3
BOTTOM OF THE 3RD
Kingston Iguanas batting - Pitching for Newark Bulldogs : RHP Jesús Andrade
Batting: LHB Tom Young 0-0: Called Strike
0-1: Ball
1-1: Ground out 3-1 (Groundball, 3L)
Pitching: RHP Russ Brown
Batting: RHB Salvador Vega 0-0: Foul Ball, location: 2F
0-1: Foul Ball, location: 2F
0-2: Ball
1-2: Ball
2-2: Ground out 5-3 (Groundball, 56)
Batting: LHB Dave Gordon 0-0: Swinging Strike
0-1: Foul Ball, location: 2F
0-2: Ball
1-2: Ball
2-2: Fly out, F9 (Line Drive, 89D)
Bottom of the 3rd over - 0 run(s), 0 hit(s), 0 error(s), 0 left on base; Newark 1 - Kingston 3
TOP OF THE 4TH
Newark Bulldogs batting - Pitching for Kingston Iguanas : RHP Fernando Castillo
Batting: RHB Emílio Salas 0-0: Ball
1-0: Ball
2-0: Called Strike
2-1: Ball
3-1: Swinging Strike
3-2: SINGLE (Line Drive, 4M)
Batting: RHB Randy Simons 0-0: Ball
1-0: Grounds into double play, 6-4-3 (Groundball, 6M)
Batting: LHB Marvin Morris 0-0: Foul Ball, location: 2F
0-1: Ball
1-1: Swinging Strike
1-2: SINGLE (Line Drive, 4D)
Batting: RHB Larry Booth 0-0: Ball
1-0: Fielders Choice at 2nd, 5-4 (Groundball, 5)
Top of the 4th over - 0 run(s), 2 hit(s), 0 error(s), 0 left on base; Newark 1 - Kingston 3
BOTTOM OF THE 4TH
Kingston Iguanas batting - Pitching for Newark Bulldogs : RHP Russ Brown
Batting: LHB Poto Vasilini 0-0: Swinging Strike
0-1: Ball
1-1: Fly out, F2 (Popup, 2LF)
Batting: LHB Juan Romero 0-0: Ball
1-0: Fly out, F8 (Flyball, 8RXD)
Batting: LHB Mike Godfrey 0-0: Foul Ball, location: 2F
0-1: Ball
1-1: Ball
2-1: Called Strike
2-2: Foul Ball, location: 2F
2-2: Ground out U3 (Groundball, 3S)
Bottom of the 4th over - 0 run(s), 0 hit(s), 0 error(s), 0 left on base; Newark 1 - Kingston 3
TOP OF THE 5TH
Newark Bulldogs batting - Pitching for Kingston Iguanas : RHP Fernando Castillo
Batting: LHB Owen Moreno 0-0: Called Strike
0-1: Foul Ball, location: 2F
0-2: Ball
1-2: Foul Ball, location: 2F
1-2: DOUBLE (Line Drive, 9LS) - OUT at third base trying to stretch hit.
Batting: RHB Leonardo Pinto 0-0: Foul Ball, location: 2F
0-1: Swinging Strike
0-2: Ball
1-2: Foul Ball, location: 2F
1-2: Ball
2-2: Strikes out swinging
Batting: RHB Pablo Gómez 0-0: Called Strike
0-1: Called Strike
0-2: Ball
1-2: SINGLE (Groundball, 34D)
Batting: LHB Gerardo Guzmán 0-0: Foul Ball, location: 2F
0-1: Swinging Strike
0-2: Strikes out looking
Top of the 5th over - 0 run(s), 2 hit(s), 0 error(s), 1 left on base; Newark 1 - Kingston 3
BOTTOM OF THE 5TH
Kingston Iguanas batting - Pitching for Newark Bulldogs : RHP Russ Brown
Batting: RHB Bobby Armstrong 0-0: Called Strike
0-1: Foul Ball, location: 2F
0-2: Foul Ball, location: 2F
0-2: Strikes out looking
Batting: RHB Soshu Nakamura 0-0: Called Strike
0-1: Foul Ball, location: 2F
0-2: Strikes out swinging
Batting: LHB Bob Greene 0-0: Ball
1-0: Fly out, F9 (Flyball, 9M)
Bottom of the 5th over - 0 run(s), 0 hit(s), 0 error(s), 0 left on base; Newark 1 - Kingston 3
TOP OF THE 6TH
Newark Bulldogs batting - Pitching for Kingston Iguanas : RHP Fernando Castillo
Batting: RHB Perry Henry 0-0: Ball
1-0: Called Strike
1-1: Ball
2-1: DOUBLE (Line Drive, 9LS)
Batting: RHB Emílio Salas 0-0: Called Strike
0-1: Ball
1-1: Foul Ball, location: 2F
1-2: Foul Ball, location: 2F
1-2: Ball
2-2: Strikes out swinging
Batting: RHB Randy Simons 0-0: Ground out 6-3 (Groundball, 6M)
Perry Henry to third
Batting: LHB Marvin Morris 0-0: Called Strike
0-1: Swinging Strike
0-2: Strikes out swinging
Top of the 6th over - 0 run(s), 1 hit(s), 0 error(s), 1 left on base; Newark 1 - Kingston 3
BOTTOM OF THE 6TH
Kingston Iguanas batting - Pitching for Newark Bulldogs : RHP Russ Brown
Batting: LHB Tom Young 0-0: Called Strike
0-1: Ball
1-1: Called Strike
1-2: Ball
2-2: Foul Ball, location: 2F
2-2: Ball
3-2: Fly out, F6 (Line Drive, 6)
Batting: RHB Salvador Vega 0-0: Swinging Strike
0-1: Ball
1-1: Swinging Strike
1-2: Ball
2-2: Ball
3-2: Strikes out looking
Batting: LHB Dave Gordon 0-0: Foul Ball, location: 2F
0-1: Fly out, F6 (Popup, 6MD)
Bottom of the 6th over - 0 run(s), 0 hit(s), 0 error(s), 0 left on base; Newark 1 - Kingston 3
TOP OF THE 7TH
Newark Bulldogs batting - Pitching for Kingston Iguanas : RHP Fernando Castillo
Batting: RHB Larry Booth 0-0: Ground out 6-3 (Groundball, 6)
Batting: LHB Owen Moreno 0-0: Ball
1-0: Ground out 3-1 (Groundball, 34S)
Batting: RHB Leonardo Pinto 0-0: Fly out, F4 (Popup, 3D)
Top of the 7th over - 0 run(s), 0 hit(s), 0 error(s), 0 left on base; Newark 1 - Kingston 3
BOTTOM OF THE 7TH
Kingston Iguanas batting - Pitching for Newark Bulldogs : RHP Russ Brown
Pitching: RHP José Gonzáles
Batting: LHB Poto Vasilini 0-0: Ball
1-0: DOUBLE (Flyball, 8RM)
Batting: LHB Juan Romero 0-0: Swinging Strike
0-1: Ball
1-1: Foul Ball, location: 2F
1-2: Strikes out swinging
Batting: LHB Mike Godfrey 0-0: Intentional Walk
Pinch Hitting: RHB Luis Aguilar 0-0: Ball
1-0: Called Strike
1-1: Ball
2-1: Ball
3-1: Base on Balls
Poto Vasilini to third
Mike Godfrey to second
Batting: RHB Soshu Nakamura 0-0: Foul Ball, location: 2F
0-1: Called Strike
0-2: SINGLE (Groundball, 6MD)
Poto Vasilini scores
Mike Godfrey to third
Luis Aguilar to second
Runner from 3rd tries for Home, SAFE, no throw or cutoff
Batting: LHB Bob Greene 0-0: Ball
1-0: Foul Ball, location: 2F
1-1: Grounds into double play, U6-3 (Groundball, 6)
Bottom of the 7th over - 2 run(s), 2 hit(s), 0 error(s), 1 left on base; Newark 1 - Kingston 5
TOP OF THE 8TH
Newark Bulldogs batting - Pitching for Kingston Iguanas : RHP Fernando Castillo
Pitching: RHP Vic Bradshaw
Now at 3B: Ken MacDonald
Batting: RHB Pablo Gómez 0-0: Ball
1-0: SINGLE (Line Drive, 56D)
Batting: LHB Gerardo Guzmán 0-0: Ball
1-0: Grounds into double play, 3-6-1 (Groundball, 3)
Batting: RHB Perry Henry 0-0: Ball
1-0: Swinging Strike
1-1: Swinging Strike
1-2: Strikes out swinging
Top of the 8th over - 0 run(s), 1 hit(s), 0 error(s), 0 left on base; Newark 1 - Kingston 5
BOTTOM OF THE 8TH
Kingston Iguanas batting - Pitching for Newark Bulldogs : RHP José Gonzáles
Pitching: RHP Jesús Salazar
Batting: LHB Tom Young 0-0: Ball
1-0: Ball
2-0: Swinging Strike
2-1: Ball
3-1: Base on Balls
Batting: RHB Salvador Vega 0-0: Bunted foul
0-1: Bunted foul
0-2: Strikes out looking
Batting: LHB Dave Gordon 0-0: Ball
1-0: SINGLE (Line Drive, 34)
Tom Young to second
Runner from 2nd tries for 3rd, SAFE, throw made to third
Dave Gordon to second
Batting: LHB Poto Vasilini 0-0: Ball
1-0: Fly out, F7 (Flyball, 7M)
Runner from 3rd tags up, SCORES, throw made
Batting: LHB Juan Romero 0-0: Ball
1-0: Called Strike
1-1: Foul Ball, location: 2F
1-2: Ball
2-2: Ground out 2-3 (Groundball, 2R)
Bottom of the 8th over - 1 run(s), 1 hit(s), 0 error(s), 1 left on base; Newark 1 - Kingston 6
TOP OF THE 9TH
Newark Bulldogs batting - Pitching for Kingston Iguanas : RHP Vic Bradshaw
Now in CF: Mike Johnson
Now in RF: Steve Davis
Batting: RHB Emílio Salas 0-0: Ground out 6-3 (Groundball, 6)
Batting: RHB Randy Simons 0-0: Called Strike
0-1: Ball
1-1: Ball
2-1: Swinging Strike
2-2: Ball
3-2: Foul Ball, location: 2F
3-2: Foul Ball, location: 2F
3-2: Base on Balls
Batting: LHB Marvin Morris 0-0: Ball
1-0: Ball
2-0: Ball
3-0: Called Strike
3-1: Called Strike
3-2: Base on Balls
Randy Simons to second
Batting: RHB Larry Booth 0-0: Ball
1-0: Ball
2-0: Ball
3-0: Called Strike
3-1: Base on Balls
Randy Simons to third
Marvin Morris to second
Pitching: LHP Joe Hazelwood
Batting: LHB Owen Moreno 0-0: Called Strike
0-1: Called Strike
0-2: Strikes out swinging
Batting: RHB Leonardo Pinto 0-0: Called Strike
0-1: Ball
1-1: Foul Ball, location: 2F
1-2: Strikes out swinging
Top of the 9th over - 0 run(s), 0 hit(s), 0 error(s), 3 left on base; Newark 1 - Kingston 6
Monday, December 5th, 2016 - OOTP Baseball 17.12 Build 75